Construct Infanterie Kompanie
Construct Panzergrenadier Kompanie
Selects Mechanized Battlegroup
Pak 40 Anti-tank Gun Team
Pak 40 Anti-tank Gun Team
Construct Panzer Kompanie
Selects Mobile Repair Stations
Selects Stoßtruppen Assault Package
Selects Zeroing Artillery Barrage
Selects 8 Rad Armored Car
Selects UNKNOWN (2160084)
Construct Luftwaffe Kompanie
Zeroing Artillery Barrage
Zeroing Artillery Barrage
Zeroing Artillery Barrage
Zeroing Artillery Barrage
Pak 40 Anti-tank Gun Team
Zeroing Artillery Barrage
Zeroing Artillery Barrage
Pak 40 Anti-tank Gun Team
Pak 40 Anti-tank Gun Team
Pak 40 Anti-tank Gun Team
Pak 40 Anti-tank Gun Team
Zeroing Artillery Barrage